 Dungeon Crawl Stone Soup version 0.21-a0-394-gdc75ea7 (webtiles) character file.

56 Kavrick the Insei (level 3, -9/23 HPs)
             Began as an Octopode Transmuter on Oct 18, 2017.
             Mangled by a worm (12 damage)
             ... on level 3 of the Dungeon.
             The game lasted 00:03:05 (1975 turns).

Kavrick the Insei (Octopode Transmuter)             Turns: 1975, Time: 00:03:06

Health: -9/23      AC:  1    Str:  9    XL:     3   Next: 97%
Magic:  5/6        EV: 13    Int: 16    God:
Gold:   128        SH:  0    Dex: 12    Spells: 2/6 levels left

rFire    . . .     SeeInvis .     - Unarmed
rCold    . . .     Gourm    .   (no shield)
rNeg     . . .     Faith    .   (helmet restricted)
rPois    .         Spirit   .   (no amulet)
rElec    .         Reflect  .   (no ring)
rCorr    .         Harm     .   (no ring)
MR       .....                  (no ring)
Stlth    +++.......             (no ring)
HPRegen  0.07/turn              (no ring)
MPRegen  0.10/turn              (no ring)
                                (no ring)
                                (no ring)

@: appendage
A: almost no armour, stealthy swim, amphibious, 8 rings, constrict 8, tentacle
spike 3, camouflage 1, gelatinous body 1
a: End Transformation


You were on level 3 of the Dungeon.
You were not hungry.
One of your tentacles had a temporary spike.
You visited 1 branch of the dungeon, and saw 3 of its levels.

You collected 128 gold pieces.

Inventory:

Missiles
 a - 43 arrows
Wands
 l - a wand of confusion (18/48)
Scrolls
 d - 6 scrolls of identify {unknown}
 e - 3 scrolls of teleportation {unknown}
 h - a scroll of magic mapping {unknown}
 j - a scroll of remove curse {unknown}
 k - a scroll of noise {unknown}
Potions
 f - a potion of curing {unknown}
Books
 b - a book of Changes

   Spells                             Type                      Level
   a - Beastly Appendage              Transmutation                1
   b - Sticks to Snakes               Transmutation                2
   c - Spider Form                    Transmutation/Poison         3
   d - Ice Form                       Ice/Transmutation            4
   e - Blade Hands                    Transmutation                5
Comestibles
 c - a bread ration
 g - a meat ration
 i - 4 fruits


   Skills:
 + Level 1.6 Fighting
 + Level 2.3 Dodging
 * Level 3.6 Unarmed Combat
 + Level 2.2 Spellcasting
 * Level 2.7 Transmutations


You had 2 spell levels left.
You knew the following spells:

 Your Spells              Type           Power        Failure   Level  Hunger
a - Beastly Appendage     Tmut           ##....       6%          1    #......
b - Spider Form           Tmut/Pois      #.........   34%         3    ###....


Dungeon Overview and Level Annotations

Branches:
Dungeon (3/15)

Altars:
Ashenzari
Ru
Sif Muna
Trog


Innate Abilities, Weirdness & Mutations

You cannot wear most types of armour.
You are very stealthy in the water. (Stealth+)
You are amphibious.
You can wear up to eight rings at the same time.
You can use your tentacles to constrict eight enemies at once.
Your skin changes colour to match your surroundings (Stealth+).
Your rubbery body absorbs attacks. (AC +1, EV +1)
One of your tentacles bears a large vicious spike.


Message History

The worm is lightly wounded.
You constrict the worm. The worm bites you!
You completely miss the worm.
You pierce the worm, but do no damage.
The worm is lightly wounded.
You constrict the worm. You tentacle-slap the worm.
You pierce the worm.
The worm is severely wounded.
You constrict the worm. The worm bites you!
* * * LOW HITPOINT WARNING * * *
You are too injured to fight recklessly!
You are too injured to fight recklessly!
You tentacle-slap the worm but do no damage.
The worm is severely wounded.
You constrict the worm. The kobold closely misses you.
You tentacle-slap the worm.
You pierce the worm, but do no damage.
You squeeze the worm, but do no damage.
The worm is almost dead.
You constrict the worm. The worm bites you!
Ouch! That really hurt!
You die...

... #... .. ..#.# #...
.##.#.##
#...#######...#..#
##.#..≈≈≈..#.....##
##.#..≈...≈..#.....####
#.#..K≈w_.≈...#........
#.#..@...≈..#.........
#.#..(≈≈..#...<......
#.#######.#.##......
##.......## #......
##.###### ##...... #.#
###....... #.#
##_##...... #)#
#...##.....
#.#######'####....


You could see a worm and a kobold.

Vanquished Creatures
  An adder (D:2)
  A worm (D:2)
  A dart slug (D:1)
  2 orcs (D:3)
  A ball python (D:1)
  5 goblins
  4 hobgoblins
  8 kobolds
  A quokka (D:2)
  8 bats
  3 frilled lizards
  6 rats
41 creatures vanquished.

Notes
Turn   | Place    | Note
-------+----------+-------------------------------------------
     0 | D:1      | Kavrick the Octopode Transmuter began the quest for the Orb.
     0 | D:1      | Reached XP level 1. HP: 13/13 MP: 3/3
   194 | D:1      | Reached XP level 2. HP: 18/18 MP: 5/5
   583 | D:2      | Reached XP level 3. HP: 13/23 MP: 6/6
  1472 | D:2      | Learned a level 3 spell: Spider Form
  1603 | D:3      | Found a shattered altar of Ashenzari.
  1606 | D:3      | Found a deep blue altar of Sif Muna.
  1609 | D:3      | Found a bloodstained altar of Trog.
  1965 | D:3      | Found a sacrificial altar of Ru.
  1975 | D:3      | Mangled by a worm

Vault maps used:
D:1:      eino_arrival_druids_welcome
D:2:      minmay_ruptured
D:3:      nicolae_ru_awakened_eye, nicolae_tso_swordbearing_angel,
          grunt_temple_overflow_diamond, first_bread

Action                   || total
-------------------------++-------
Melee: Unarmed           ||    90
       Constrict         ||    26
       Tentacles         ||    18
       Kick              ||     5
       Punch             ||     4
 Cast: Beastly Appendage ||     4
       Spider Form       ||     2
 Stab: Sleeping          ||     6
       Distracted        ||     1
  Eat: Chunk             ||     4
Armor: Skin              ||    10
Dodge: Dodged            ||    64

Table legend:
 A = Spawn XP
 B = Non-spawn XP
 C = Spawn XP percentage of total XP
 D = Spawn monster count
 E = Non-spawn monster count
 F = Spawn count percentage of total count
 G = Total turns spent on level
                    A         B        C        D         E        F      G
               +---------+---------+-------+---------+---------+-------+---------
         Total |       0 |      81 |   0.0 |       0 |      41 |   0.0 |  1975
               +---------+---------+-------+---------+---------+-------+---------
           D:1 |       0 |      27 |   0.0 |       0 |      15 |   0.0 |   571
           D:2 |       0 |      40 |   0.0 |       0 |      19 |   0.0 |  1013
           D:3 |       0 |      14 |   0.0 |       0 |       7 |   0.0 |   391
               +---------+---------+-------+---------+---------+-------+---------
